 Dungeon Crawl Stone Soup version 0.19-a0-905-ge5e6a15 (webtiles) character file.

149 Gagarin the Conjurer (level 5, -1/39 HPs)
             Began as a Draconian Conjurer on July 5, 2016.
             Killed from afar by Gagarin's ghost (6 damage)
             ... with a puff of flame
             ... on level 3 of the Dungeon.
             The game lasted 00:11:10 (3314 turns).

Gagarin the Conjurer (Draconian Conjurer)           Turns: 3314, Time: 00:11:11

Health: -1/39      AC:  5    Str: 15    XL:     5   Next: 9%
Magic:  1/9        EV: 12    Int: 17    God:
Gold:   154        SH:  0    Dex: 11    Spells: 3 memorised, 3 levels left

rFire  + . .     SeeInvis .     B - +1 spear (venom)
rCold  x . .     Gourm    .     (armour unavailable)
rNeg   . . .     Faith    .     (no shield)
rPois  .         Spirit   .     (helmet restricted)
rElec  .         Dismiss  .     (no cloak)
rCorr  .         Reflect  .     (no gloves)
SustAt .         Harm     .     (no boots)
MR     .....                    (no amulet)
Stlth  ++........               r - ring of fire
                                n - ring of wizardry

@: mighty, not resistant to hostile enchantments, unstealthy
A: unfitting armour, cold-blooded, AC +5
a: no special abilities


You were on level 3 of the Dungeon.
You were not hungry.

You visited 1 branch of the dungeon, and saw 3 of its levels.

You collected 154 gold pieces.

Inventory:

Hand Weapons
 d - a +0 hunting sling
 f - a +0 hunting sling
 z - a +0 blowgun
 B - a +1 spear of venom (weapon)
Missiles
 A - 2 poisoned needles
 C - 17 bolts
Jewellery
 n - a ring of wizardry (left hand)
 r - a ring of fire (right hand)
Scrolls
 e - a scroll of noise {unknown}
 h - 3 scrolls of remove curse
 i - 2 scrolls of blinking {unknown}
 j - 3 scrolls of magic mapping {unknown}
 o - a scroll of teleportation {unknown}
 q - a scroll of immolation {unknown}
 s - a scroll of fog {unknown}
 v - a scroll of recharging {unknown}
 y - a scroll of enchant weapon {unknown}
 D - a scroll of identify {unknown}
Potions
 c - a potion of degeneration {unknown}
 g - a potion of lignification {unknown}
 k - 3 potions of might
 l - 2 potions of mutation {unknown}
 m - a potion of haste {unknown}
 t - a potion of heal wounds {unknown}
 x - 2 potions of ambrosia {unknown}
Books
 a - a book of Conjurations

   Spells                             Type                      Level
   a - Magic Dart                     Conjuration                  1
   b - Searing Ray                    Conjuration                  2
   c - Dazzling Spray                 Conjuration/Hexes            3
   d - Fulminant Prism                Conjuration/Hexes            4
   e - Iskenderun's Mystic Blast      Conjuration                  4
   f - Iskenderun's Battlesphere      Conjuration/Charms           5
Comestibles
 b - 4 bread rations
 p - a meat ration
 u - a slice of pizza
 w - 5 chunks of flesh


   Skills:
 + Level 0.9 Fighting
 + Level 2.6 Dodging
 + Level 2.2 Stealth
 + Level 0.2 Unarmed Combat
 + Level 2.9 Spellcasting
 + Level 5.1 Conjurations


You had 3 spell levels left.
You knew the following spells:

 Your Spells              Type           Power        Failure   Level  Hunger
a - Magic Dart            Conj           ###.         1%          1    #......
b - Searing Ray           Conj           ###...       1%          2    ##.....
c - Dazzling Spray        Conj/Hex       ##....       9%          3    ###....


Dungeon Overview and Level Annotations

Branches:
Dungeon (3/15)

Altars:
Pakellas

Annotations:
D:3 Gagarin's ghost, amateur HEFE


Innate Abilities, Weirdness & Mutations

Your plain brown scales are hard. (AC +5)
Your body does not fit into most forms of armour.
You are cold-blooded and may be slowed by cold attacks.


Message History

You feel as though you will be slow longer.
Gagarin's ghost freezes you.
Gagarin's ghost hits you but does no damage.
You barely miss Gagarin's ghost.
Gagarin's ghost is severely damaged.
Gagarin's ghost gestures at you while chanting.
The puff of flame hits you! You resist. Gagarin's ghost hits you.
* * * LOW HITPOINT WARNING * * *
Gagarin's ghost freezes you.
* * * LOW HITPOINT WARNING * * *
It was a potion of might.
You feel very mighty all of a sudden. Gagarin's ghost barely misses you.
You closely miss Gagarin's ghost.
Gagarin's ghost is severely damaged.
You feel yourself speed up. Gagarin's ghost misses you.
Gagarin's ghost gestures at you while chanting.
The puff of flame hits you! You resist.
You die...

# #.# #..########### #.
#.#.#####..# ##
#.##.###.#........# <#
#...$....########'## ### .##
#.......# ##...## #..
..#########..## ##.....## #.#
..8.8.8.8.#...# ##.......## ##.#
......)...#...###.........####...
).........#....W@.........'......
....).....#...###.........####...
..........#...# ##.......## ##.#
..).......##..# ##.....## #.#
..8.8.8.8.#...# ##...## #..
(############## ##'## #.# )....#
#.# #.# #.# )##### #.# #.# #.# (#
#.# ##.## #.#


You could see Gagarin's ghost.

Vanquished Creatures
  An orc wizard (D:3)
  3 adders
  3 worms
  3 dart slugs
  3 giant geckos
  3 orcs (D:3)
  6 giant cockroaches
  15 goblins
  7 hobgoblins
  2 jackals (D:1)
  7 kobolds
  A quokka (D:2)
  A bat (D:1)
  3 giant newts
  12 rats
70 creatures vanquished.

Notes
Turn   | Place    | Note
-------+----------+-------------------------------------------
     0 | D:1      | Gagarin the Draconian Conjurer began the quest for the Orb.
     0 | D:1      | Reached XP level 1. HP: 14/14 MP: 3/3
     1 | D:1      | Found a runed door.
   423 | D:1      | Reached XP level 2. HP: 20/20 MP: 1/5
   672 | D:1      | Learned a level 2 spell: Searing Ray
  1139 | D:1      | Reached XP level 3. HP: 21/26 MP: 1/6
  1553 | D:2      | Found an oddly glowing altar of Pakellas.
  2267 | D:2      | Reached XP level 4. HP: 32/34 MP: 5/7
  2680 | D:3      | Reached skill level 5 in Conjurations
  3118 | D:3      | Reached XP level 5. HP: 38/39 MP: 5/9
  3135 | D:3      | Learned a level 3 spell: Dazzling Spray
  3287 | D:3      | Noticed Gagarin's ghost (amateur HEFE)
  3314 | D:3      | Killed from afar by Gagarin's ghost

Vault maps used:
D:1:      dpeg_arrival_caged_fury
D:2:      minmay_diamond_boxcup, lemuel_doored_altar, serial_aquarium,
          aquarium_bridge_long_joined, aquarium_bridge_island_small,
          aquarium_window_double, aquarium_window_corner,
          aquarium_window_corner, aquarium_view_2c, aquarium_view_2d
D:3:      kennysheep_the_goblin_king, first_bread, uniq_grinder

Skill      XL: |  1  2  3  4 |
---------------+-------------+-----
Dodging        | 2 |  2.6
Stealth        | 2 |  2.2
Conjurations   | 5 |  5.1
Fighting       | |  0.9
Unarmed Combat | |  0.2
Spellcasting   | |  2.9

Action                   |  1- 3 |  4- 6 || total
-------------------------+-------+-------++-------
Melee: Unarmed           |    55 |    30 ||    85
       Tailslap          |     4 |     4 ||     8
       Spear             |       |    10 ||    10
 Cast: Magic Dart        |    57 |    37 ||    94
       Searing Ray       |     7 |     8 ||    15
  Use: Scroll            |       |     1 ||     1
       Potion            |       |     1 ||     1
 Stab: Sleeping          |     2 |     3 ||     5
  Eat: Chunk             |     5 |     4 ||     9
Armor: Skin              |    27 |    14 ||    41
Dodge: Dodged            |    58 |    35 ||    93
